Map: Backcountry

Players

Xsifaudias

  • Race: Protoss Protoss
  • League: Bronze
  • Spawn Location: 9:00

Letdidonne

  • Race: Terran Terran
  • Spawn Location: 11:00

Feedzi

  • Race: Protoss Protoss
  • League: Bronze
  • Spawn Location: 11:00

Blubbel - Winner!

  • Race: Terran Terran
  • League: Silver
  • Spawn Location: 5:00

zod - Winner!

  • Race: Protoss Protoss
  • League: Silver
  • Spawn Location: 5:00

MasteroP - Winner!

  • Race: Zerg Zerg
  • Spawn Location: 5:00

VOD

Have the link to the VOD?

Description

Time

  • Played on: Jan. 10, 2016, 11:07 a.m.
  • Length: 9:33
Show
View Real Time Build Order
Export as new Build Order

Xsifaudias Protoss 

Build Orders:  

Get SALT Encoding   

  12  0:02  Probe (Chrono Boost)  
  13  0:19  Probe (Chrono Boost), Pylon  
  14  0:29  Probe (Chrono Boost)  
  15  0:41  Probe (Chrono Boost)  
  15  0:42  Gateway  
  16  0:52  Probe (Chrono Boost)  
  17  0:58  Assimilator  
  17  1:02  Probe (Chrono Boost)  
  18  1:14  Probe (Chrono Boost)  
  20  1:25  Probe (Chrono Boost)  
  20  1:30  Zealot  
  20  1:31  Pylon  
  22  1:37  Probe (Chrono Boost)  
  22  1:38  Cybernetics Core  
  23  1:49  Probe (Chrono Boost)  
  24  2:00  Probe (Chrono Boost)  
  25  2:12  Probe (Chrono Boost)  
  25  2:14  Stalker, Pylon  
  28  2:17  Warp Gate (Chrono Boost)  
  28  2:26  Gateway  
  28  2:30  Assimilator  
  28  2:35  Probe  
  29  2:59  Stalker  
  31  3:12  Nexus  
  31  3:15  Pylon  
  31  3:18  Forge  
  31  3:24  Twilight Council  
  31  3:35  Mothership Core  
  31  3:40  Stalker  
  35  3:52  Protoss Ground Weapons Level 1  
  35  3:54  Gateway  
  35  3:56  Probe  
  36  4:18  Blink (Chrono Boost)  
  36  4:42  Gateway  
  25  4:53  Probe  
  26  5:05  Probe  
  27  5:12  Robotics Facility  
  25  5:17  Probe  
  22  5:38  Probe x2  
  23  5:48  Probe  
  23  5:50  Probe  
  23  6:10  Observer  
  24  6:17  Assimilator  
  24  6:29  Protoss Ground Weapons Level 2  
  22  7:31  Zealot x3  
  22  7:32  Zealot  
  22  7:54  Probe  
  22  7:56  Pylon  
  23  8:05  Probe  
Show
View Real Time Build Order
Export as new Build Order

Letdidonne Terran 

Build Orders:  

Get SALT Encoding   

  12  0:01  SCV  
  13  0:13  SCV  
  14  0:27  Supply Depot  
  14  0:37  SCV, Refinery  
  15  0:54  Barracks  
  15  1:03  SCV  
  16  1:15  SCV  
  17  1:26  Refinery  
  17  1:27  SCV  
  18  1:39  SCV  
  19  1:44  Factory  
  19  1:51  SCV  
  20  1:55  Barracks Tech Lab  
  20  2:03  SCV  
  22  2:15  SCV  
  22  2:17  Marine  
  23  2:46  Command Center  
  23  2:51  Supply Depot  
  23  3:13  SCV, Siege Tank  
  23  3:14  Supply Depot  
  27  3:38  Starport  
  27  3:45  Siege Tank  
  30  4:09  Marine  
  31  4:14  SCV  
  32  4:26  SCV  
  33  4:35  Refinery  
  33  4:37  Refinery  
  33  4:38  SCV  
  34  4:48  Starport Reactor  
  34  4:51  SCV  
  35  5:03  SCV  
  35  5:06  Supply Depot  
  36  5:13  Orbital Command  
  36  5:15  SCV  
  37  5:27  SCV  
  38  5:28  Supply Depot  
  38  5:39  SCV  
  39  5:51  SCV  
  39  5:56  Liberator  
  40  5:57  Liberator  
  40  6:08  Siege Tank  
  49  6:18  SCV  
  50  6:31  SCV  
  51  6:40  Siege Tank  
  51  6:45  Supply Depot  
  45  7:07  Supply Depot  
  42  7:24  SCV  
  43  7:36  SCV  
  43  7:49  SCV  
  44  8:01  SCV  
  38  8:13  SCV  
  37  8:25  SCV  
  38  8:33  Liberator  
  30  8:45  Siege Tank  
Show
View Real Time Build Order
Export as new Build Order

Feedzi Protoss 

Build Orders:  

Get SALT Encoding   

  12  0:02  Probe (Chrono Boost)  
  13  0:13  Probe (Chrono Boost)  
  14  0:22  Pylon  
  14  0:23  Probe (Chrono Boost)  
  15  0:41  Probe (Chrono Boost)  
  15  0:42  Gateway  
  16  0:51  Probe (Chrono Boost)  
  17  1:01  Assimilator  
  17  1:02  Probe (Chrono Boost)  
  18  1:12  Probe (Chrono Boost)  
  19  1:23  Probe (Chrono Boost)  
  20  2:00  Nexus  
  20  2:22  Zealot  
  22  2:26  Cybernetics Core  
  22  2:30  Pylon  
  22  2:40  Probe (Chrono Boost)  
  23  2:45  Assimilator  
  23  2:51  Probe (Chrono Boost)  
  23  3:01  Probe (Chrono Boost)  
  23  3:04  Warp Gate (Chrono Boost)  
  24  3:06  Stalker  
  26  3:16  Mothership Core  
  26  3:18  Probe  
  29  3:28  Probe  
  29  3:33  Pylon  
  30  3:37  Probe  
  31  3:44  Probe  
  32  3:49  Probe  
  32  3:53  Gateway  
  32  3:54  Gateway  
  33  3:56  Gateway  
  33  3:59  Gateway  
  33  4:00  Gateway  
  33  4:02  Gateway  
  33  4:28  Twilight Council  
  33  4:29  Probe  
  33  4:31  Probe  
  35  4:32  Pylon  
  35  4:40  Probe  
  35  4:43  Probe  
  37  4:50  Probe  
  38  4:55  Probe  
  39  5:01  Stalker x4  
  39  5:02  Stalker  
  49  5:07  Blink  
  49  5:30  Probe  
  49  5:31  Probe  
  49  5:32  Robotics Facility  
  49  5:35  Robotics Facility  
  51  6:02  Probe  
  51  6:03  Probe  
  53  6:05  Pylon  
  53  6:09  Pylon  
  53  6:14  Pylon  
  53  6:18  Assimilator  
  53  6:21  Assimilator  
  50  6:42  Warp Prism  
  52  6:48  Dark Shrine  
  52  6:52  Stalker x3  
  52  6:53  Stalker x3  
  64  7:11  Stalker  
  66  7:30  Warp Prism  
  66  7:32  Observer  
  69  7:46  Stalker  
  69  7:47  Stalker x3  
  67  8:24  Dark Templar x3  
Show
View Real Time Build Order
Export as new Build Order

Blubbel Terran - Winner!

Build Orders:  

Get SALT Encoding   

  12  0:01  SCV  
  13  0:13  SCV  
  14  0:20  Supply Depot  
  14  0:29  SCV  
  15  0:39  Refinery  
  15  0:42  SCV  
  16  0:58  Barracks  
  16  0:59  SCV  
  17  1:11  SCV  
  18  1:18  Supply Depot  
  18  1:28  SCV  
  19  1:40  SCV  
  20  1:52  SCV  
  20  1:54  Factory  
  21  1:55  Marine  
  22  2:16  Command Center  
  22  2:21  Refinery  
  22  2:24  Orbital Command  
  22  2:27  Marine  
  23  2:43  Starport  
  23  2:47  Marine  
  23  3:03  Widow Mine  
  25  3:07  Marine  
  26  3:13  SCV  
  27  3:25  SCV  
  28  3:27  Medivac  
  28  3:31  Widow Mine  
  32  3:41  SCV  
  33  3:49  Engineering Bay, Marine  
  33  3:53  SCV  
  35  4:05  SCV  
  35  4:07  Marine  
  37  4:14  SCV  
  38  4:17  SCV  
  39  4:26  SCV  
  39  4:29  SCV  
  41  4:38  SCV  
  41  4:41  SCV  
  37  4:53  SCV  
  37  4:57  Medivac  
  37  4:58  Widow Mine  
  37  4:59  Barracks Reactor  
  42  5:05  Terran Infantry Weapons Level 1, Engineering Bay  
  42  5:12  Orbital Command  
  42  5:27  Widow Mine  
  44  5:36  Marine x2  
  44  5:37  Starport Reactor  
  46  5:44  Barracks  
  46  5:54  SCV  
  45  6:06  SCV  
  45  6:08  Command Center  
  46  6:24  Missile Turret  
  46  6:26  Supply Depot  
  46  6:30  Liberator x2  
  46  6:32  Supply Depot  
  46  6:43  SCV  
  46  6:45  Supply Depot  
  51  6:55  SCV  
  50  7:18  Liberator x2  
  46  7:29  Marine x2  
  48  7:31  Barracks  
  48  7:33  Barracks Tech Lab  
  54  7:44  Widow Mine  
  54  7:46  Marine  
  54  7:47  Marine  
  58  7:57  Planetary Fortress  
  58  8:04  Marine x2  
  60  8:08  Barracks  
  60  8:10  Marine  
  61  8:13  Widow Mine  
  61  8:28  Marine  
  62  8:41  Widow Mine  
  62  8:45  Marine  
Show
View Real Time Build Order
Export as new Build Order

zod Protoss - Winner!

Build Orders: 1 Gate Expand 

Get SALT Encoding   

  12  0:02  Probe (Chrono Boost)  
  13  0:12  Probe (Chrono Boost)  
  14  0:20  Pylon  
  14  0:31  Assimilator  
  14  0:40  Probe (Chrono Boost)  
  15  0:51  Probe (Chrono Boost)  
  15  0:53  Gateway  
  16  1:01  Probe (Chrono Boost)  
  17  1:12  Probe (Chrono Boost)  
  18  1:25  Probe (Chrono Boost)  
  19  1:28  Assimilator  
  19  1:37  Nexus  
  19  1:50  Cybernetics Core, Probe (Chrono Boost)  
  20  2:02  Probe (Chrono Boost), Pylon  
  21  2:17  Gateway  
  21  2:23  Pylon  
  21  2:25  Probe (Chrono Boost)  
  22  2:36  Mothership Core (Chrono Boost)  
  24  2:54  Probe (Chrono Boost), Robotics Facility  
  25  3:07  Probe x2 (Chrono Boost)  
  27  3:17  Probe (Chrono Boost), Assimilator  
  27  3:18  Probe (Chrono Boost)  
  29  3:28  Probe x2 (Chrono Boost)  
  31  3:37  Warp Gate (Chrono Boost)  
  31  3:39  Pylon  
  31  3:40  Adept  
  33  3:51  Gateway  
  33  3:54  Pylon  
  33  4:01  Forge  
  33  4:06  Probe, Pylon  
  34  4:16  Adept  
  36  4:17  Adept  
  38  4:24  Warp Prism (Chrono Boost)  
  40  4:34  Protoss Ground Weapons Level 1  
  40  4:41  Gateway  
  40  4:45  Adept  
  42  4:46  Adept  
  42  4:51  Probe  
  44  4:53  Probe  
  44  4:58  Assimilator  
  46  5:07  Photon Cannon  
  46  5:10  Probe  
  46  5:11  Probe  
  48  5:15  Photon Cannon  
  48  5:23  Twilight Council  
  48  5:46  Probe  
  48  5:48  Probe  
  50  5:59  Nexus  
  50  6:00  Probe  
  50  6:01  Assimilator  
  51  6:06  Assimilator  
  51  6:09  Pylon  
  51  6:18  Stalker x3  
  53  6:20  Stalker  
  51  6:46  Stalker  
  53  6:47  Stalker  
  53  6:56  Stalker  
  55  7:01  Stalker  
  55  7:12  Stalker x2  
  59  7:18  Warp Prism (Chrono Boost)  
  61  7:23  Stalker  
  61  7:25  Stalker  
  65  7:42  Stalker  
  65  7:43  Stalker  
  69  7:49  Immortal (Chrono Boost)  
  67  8:00  Stalker x2  
  63  8:10  Stalker x2  
  53  8:23  Immortal (Chrono Boost)  
  53  8:32  Pylon  
  53  8:33  Robotics Bay  
  53  8:34  Gateway  
  53  8:38  Pylon  
  53  8:40  Probe x2, Pylon  
  54  8:41  Probe, Pylon  
  54  8:42  Pylon  
  54  8:47  Photon Cannon  
  56  8:50  Probe x2  
  56  8:53  Probe  
  59  8:57  Dark Shrine  
  59  9:01  Probe  
  60  9:05  Probe  
  60  9:09  Adept x2  
  64  9:10  Adept  
  64  9:32  Photon Cannon  
Show
View Real Time Build Order
Export as new Build Order

MasteroP Zerg - Winner!

Build Orders: Hatch First 

Get SALT Encoding   

  12  0:02  Drone  
  13  0:12  Overlord  
  13  0:18  Drone  
  14  0:27  Overlord  
  14  0:30  Drone  
  15  0:37  Drone  
  16  0:46  Drone  
  17  1:04  Drone  
  17  1:05  Hatchery  
  17  1:08  Drone  
  18  1:18  Drone  
  19  1:31  Drone, Spawning Pool  
  19  1:34  Extractor  
  18  1:42  Drone  
  19  1:49  Drone  
  20  2:00  Drone  
  21  2:14  Extractor  
  20  2:17  Queen  
  20  2:19  Queen  
  20  2:20  Drone x2  
  26  2:28  Roach Warren  
  25  2:31  Drone x2  
  25  2:34  Drone  
  28  2:39  Drone  
  28  2:43  Drone  
  31  2:51  Drone  
  31  3:00  Hatchery, Drone  
  31  3:03  Drone  
  32  3:07  Drone  
  33  3:14  Drone  
  33  3:18  Lair  
  34  3:26  Evolution Chamber  
  33  3:28  Evolution Chamber  
  33  3:30  Drone  
  33  3:33  Overlord  
  33  3:42  Drone x3  
  36  3:55  Spore Crawler  
  35  3:59  Spore Crawler  
  34  4:10  Roach  
  34  4:11  Roach x5  
  46  4:19  Drone  
  46  4:21  Queen  
  46  4:24  Overlord  
  49  4:28  Drone  
  49  4:30  Glial Reconstitution  
  50  4:34  Overlord  
  50  4:45  Drone x3  
  53  4:49  Zerg Missile Weapons Level 1  
  53  4:51  Zerg Ground Armor Level 1  
  53  4:59  Hydralisk Den, Overseer  
  52  5:02  Drone x3  
  52  5:06  Extractor  
  54  5:08  Drone  
  54  5:09  Drone x2  
  54  5:10  Drone  
  58  5:15  Extractor  
  58  5:17  Drone x2  
  59  5:29  Hydralisk  
  59  5:30  Hydralisk x2  
  65  5:43  Drone  
  65  5:45  Overlord x5  
  66  6:00  Muscular Augments  
  66  6:06  Roach  
  66  6:07  Roach x3  
  66  6:11  Ravager x2  
  76  6:18  Roach  
  76  6:19  Roach  
  81  6:25  Drone x2  
  81  6:26  Drone x6  
  88  6:33  Roach x3  
  88  6:34  Roach  
  96  6:45  Hydralisk x4  
  104  6:54  Extractor  
  103  6:56  Extractor  
  103  6:57  Drone x3  
  103  6:58  Drone  
  106  7:09  Overlord x3  
  106  7:10  Overlord  
  106  7:16  Lurker Den  
  106  7:45  Hydralisk, Roach x3  
  106  7:46  Hydralisk x5, Roach x3  
  130  8:03  Hydralisk x2  
  130  8:04  Hydralisk x2  
  138  8:06  Overlord x3  
  138  8:15  Overlord x3  
  133  8:46  Overseer  
  120  9:02  Roach x2  
  126  9:03  Roach x9  
  126  9:04  Roach x5  
Tags
 
Add a new tag
Caveats
  • Supply blocks, unpowered buildings, or Contaminate may cause inaccurate times.
  • Supply counts are checked every 10 seconds.